 Dungeon Crawl Stone Soup version 0.21-a0-401-g0b6bec4 (webtiles) character file.

1516 rin1221 the Digger (level 8, -2/45 HPs)
             Began as a Gargoyle Earth Elementalist on Oct 24, 2017.
             Was a Follower of Vehumet.
             Slain by a black bear (7 damage)
             ... on level 7 of the Dungeon.
             The game lasted 00:19:37 (6785 turns).

rin1221 the Digger (Gargoyle Earth Elementalist)    Turns: 6785, Time: 00:19:37

Health: -2/45      AC:  8    Str: 12    XL:     8   Next: 83%
Magic:  12/15      EV: 12    Int: 18    God:    Vehumet [*.....]
Gold:   303        SH:  0    Dex: 10    Spells: 6/16 levels left

rFire    . . .     SeeInvis .   y - +0 flail
rCold    . . .     Gourm    .   (no shield)
rNeg     + . .     Faith    .   c - +1 robe
rPois    ∞         Spirit   .   (no helmet)
rElec    +         Reflect  .   (no cloak)
rCorr    +         Harm     .   (no gloves)
MR       .....                  (no boots)
Stlth    ++........             (no amulet)
HPRegen  0.15/turn              z - ring of resist corrosion
MPRegen  0.14/turn              A - ring of wizardry

@: no status effects
A: negative energy resistance 1, electricity resistance, unbreathing,
petrification resistance, rot immunity, AC +5
a: Renounce Religion


You were on level 7 of the Dungeon.
You worshipped Vehumet.
Vehumet was aware of your devotion.
You were not hungry.

You visited 2 branches of the dungeon, and saw 8 of its levels.

You collected 303 gold pieces.

Inventory:

Hand Weapons
 a - a +1 hand axe
 y - a +0 flail (weapon)
Missiles
 b - 180 stones (quivered)
 u - 4 poisoned tomahawks
Armour
 c - a +1 robe (worn)
 n - a +0 scale mail
 p - a +0 ring mail
 w - a +0 buckler
Jewellery
 z - a ring of resist corrosion (left hand)
 A - a ring of wizardry (right hand)
Wands
 B - a wand of scattershot (5/9)
 C - a wand of lightning (10/15)
Scrolls
 f - 4 scrolls of identify
 h - 4 scrolls of teleportation
 k - 2 scrolls of remove curse
 m - a scroll of enchant weapon
 o - a scroll of magic mapping
 v - a scroll of recharging
Potions
 g - 2 potions of heal wounds {unknown}
 i - a potion of magic
 q - 2 potions of mutation
 r - 2 potions of curing
 s - 2 potions of lignification
Books
 e - a book of Geomancy

   Spells                             Type                      Level
   a - Sandblast                      Earth                        1
   b - Passwall                       Transmutation/Earth          2
   c - Stone Arrow                    Conjuration/Earth            3
   d - Petrify                        Transmutation/Earth          4
   e - Lee's Rapid Deconstruction     Earth                        5
Comestibles
 d - 5 bread rations
 j - 6 fruits
 l - 3 royal jellies
 t - 2 chunks of flesh
 x - a meat ration


   Skills:
 + Level 2.6 Fighting
 + Level 2.3 Maces & Flails
 + Level 2.7 Armour
 + Level 2.6 Dodging
 - Level 2.1 Stealth
 + Level 2.6 Shields
 + Level 4.9 Spellcasting
 + Level 4.8 Conjurations
   Level 0.7 Transmutations
 + Level 0.0 Fire Magic
 + Level 7.1 Earth Magic
 + Level 1.4 Evocations


You had 6 spell levels left.
You knew the following spells:

 Your Spells              Type           Power        Failure   Level  Hunger
a - Sandblast             Erth           ####..       1%          1    None
b - Flame Tongue          Conj/Fire      ##...        1%          1    None
c - Stone Arrow           Conj/Erth      ####..       1%          3    ###....
d - Lee's Rapid Deconstr  Erth           ####......   8%          5    ######.


Dungeon Overview and Level Annotations

Branches:
Dungeon (7/15)             Temple (1/1) D:5

Altars:
Cheibriados
Dithmenos
Elyvilon
Gozag
Hepliaklqana
Kikubaaqudgha
Nemelex Xobeh
Okawaru
Sif Muna
Vehumet
Wu Jian
Xom
Yredelemnul
Zin
The Shining One

Annotations:
D:4 1 runed door


Innate Abilities, Weirdness & Mutations

You are resistant to torment.
Your stone body is resilient. (AC +5)
You are immune to poison.
You resist negative energy. (rN+)
You are resistant to electric shocks. (rElec)
You can survive without breathing.
You are immune to petrification.
You are immune to rotting.


Message History

The black bear goes berserk!
Casting: Flame Tongue
Confirm with . or Enter, or press ? or * to list all spells.
Aiming: Flame Tongue
Press: ? - help, Shift-Dir - straight line, f/p - black bear
Aim: a black bear (almost dead, berserk, fast, unusually strong)
The flame tongue hits the black bear.
The black bear is almost dead.
The black bear bites you. The black bear closely misses you.
The black bear claws you. The black bear bites you!
* * * LOW HITPOINT WARNING * * *
The black bear claws you.
* * * LOW HITPOINT WARNING * * *
The black bear claws you but does no damage.
Okay, then.
Unknown command.
You feel better. The black bear bites you.
* * * LOW HITPOINT WARNING * * *
The black bear misses you. x2; The black bear bites you!
You die...

#.#...÷...########
#.######.........#
..# #....#####.#
..# #.#..#
...####.#..#
.....<..##.#
...###..##.#
#..##.. #@)#####
.....$hh.#
.##........
#.###.###.# # #.#
# #?. ###


You could see 2 black bears.

Vanquished Creatures
  3 sky beasts
  A phantom (D:2)
  5 ogres
  A necrophage (D:7)
  An ice beast (D:7)
  2 scorpions
  A crimson imp (D:5)
  A bullfrog zombie (D:5)
  A hound (D:4)
  A bullfrog skeleton (D:5)
  2 iguanas
  3 orc wizards (D:6)
  A worker ant (D:4)
  A hound skeleton (D:5)
  5 adders
  2 oozes (D:3)
  A worm (D:2)
  3 dart slugs
  4 leopard geckos
  14 orcs
  15 bats
  5 giant cockroaches
  4 goblins
  4 hobgoblins
  9 jackals
  11 kobolds
  3 quokkas
  5 frilled lizards
  A leopard gecko skeleton (D:4)
  A quokka skeleton (D:4)
  7 rats
118 creatures vanquished.

Notes
Turn   | Place    | Note
-------+----------+-------------------------------------------
     0 | D:1      | rin1221 the Gargoyle Earth Elementalist began the quest for the Orb.
     0 | D:1      | Reached XP level 1. HP: 10/10 MP: 3/3
   248 | D:1      | Reached XP level 2. HP: 8/15 MP: 3/5
   250 | D:1      | Reached skill level 4 in Earth Magic
   932 | D:1      | Reached XP level 3. HP: 14/19 MP: 6/6
  1397 | D:1      | Learned a level 3 spell: Stone Arrow
  1400 | D:2      | Noticed an ogre
  1415 | D:2      | Killed an ogre
  1415 | D:2      | Reached skill level 1 in Conjurations
  1415 | D:2      | Reached skill level 5 in Earth Magic
  1415 | D:2      | Reached XP level 4. HP: 24/24 MP: 0/8
  1506 | D:2      | Reached XP level 5. HP: 21/28 MP: 9/9
  1519 | D:2      | Learned a level 5 spell: Lee's Rapid Deconstruction
  1577 | D:2      | Found a hazy altar of Hepliaklqana.
  2644 | D:2      | Noticed a phantom
  2656 | D:2      | Killed a phantom
  2656 | D:2      | Reached XP level 6. HP: 32/32 MP: 5/11
  3421 | D:3      | Found a shadowy altar of Dithmenos.
  3558 | D:3      | Reached skill level 6 in Earth Magic
  3714 | D:3      | Found a sparkling altar of Nemelex Xobeh.
  3897 | D:4      | Found a glowing silver altar of Zin.
  3897 | D:4      | Found a runed door.
  3897 | D:4      | Noticed an angel
  4022 | D:4      | Reached XP level 7. HP: 36/36 MP: 11/13
  4362 | D:4      | Reached skill level 1 in Armour
  4405 | D:4      | Found a radiant altar of Vehumet.
  4590 | D:5      | Entered Level 5 of the Dungeon
  4761 | D:5      | Reached skill level 1 in Fighting
  4777 | D:5      | Reached skill level 1 in Maces & Flails
  4777 | D:5      | Reached skill level 1 in Shields
  5183 | D:5      | Reached XP level 8. HP: 30/44 MP: 14/14
  5348 | D:5      | Found a staircase to the Ecumenical Temple.
  5365 | Temple   | Entered the Ecumenical Temple
  5539 | D:4      | Became a worshipper of Vehumet
  5810 | D:5      | Found a deep blue altar of Sif Muna.
  6407 | D:6      | Reached skill level 1 in Evocations
  6704 | D:7      | Reached skill level 7 in Earth Magic
  6750 | D:7      | Reached * piety under Vehumet
  6750 | D:7      | Offered knowledge of Flame Tongue by Vehumet.
  6758 | D:7      | Learned a level 1 spell: Flame Tongue
  6785 | D:7      | Slain by a black bear

Vault maps used:
D:1:      dpeg_arrival_tiny_g, solitary_fountain, minmay_tetromino_s2
D:2:      kennysheep_big_flooded_room, lemuel_coloured_pillars_altar,
          first_bread
D:3:      grunt_dithmenos_smoke, nemelex_dance_club_becter
D:4:      nicolae_overflow_hidden_temple, lemuel_angel_altar
D:5:      minmay_temple_entry_statues_pillars, serial_glass, glass_columns_b,
          glass_columns_b, basic_altar
D:7:      kennysheep_little_box, gammafunk_temple_overflow_pools,
          trog_ov_bears_minmay, grunt_livestock, uniq_menkaure,
          uniq_prince_ribbit1
Temple:   eino_temple_lava

Skill      XL: |  1  2  3  4  5  6  7  8 |
---------------+-------------------------+-----
Earth Magic    | 4 5 6 7 |  7.1
Spellcasting   | 3 4 |  4.9
Conjurations   | 1 2 3 4 |  4.8
Armour         | 1 2 |  2.7
Fighting       | 1 2 |  2.6
Maces & Flails | 1 2 |  2.3
Shields        | 1 2 |  2.6
Dodging        | 2 |  2.6
Evocations     | 1 |  1.4
Stealth        | |  2.1
Transmutations | |  0.7

Action                   |  1- 3 |  4- 6 |  7- 9 || total
-------------------------+-------+-------+-------++-------
Melee: Club              |    63 |       |       ||    63
       Whip              |    27 |   238 |    34 ||   299
       Flail             |       |       |   111 ||   111
 Cast: Sandblast         |     9 |    35 |    46 ||    90
       Flame Tongue      |       |       |     2 ||     2
  Use: Scroll            |     1 |     7 |    11 ||    19
       Potion            |       |       |     1 ||     1
 Stab: Sleeping          |     1 |     3 |     2 ||     6
  Eat: Chunk             |     2 |     8 |     9 ||    19
Armor: Robe              |    59 |   126 |    80 ||   265
Dodge: Dodged            |    93 |   237 |   120 ||   450

Table legend:
 A = Spawn XP
 B = Non-spawn XP
 C = Spawn XP percentage of total XP
 D = Spawn monster count
 E = Non-spawn monster count
 F = Spawn count percentage of total count
 G = Total turns spent on level
                    A         B        C        D         E        F      G
               +---------+---------+-------+---------+---------+-------+---------
         Total |       0 |    2166 |   0.0 |       0 |     118 |   0.0 |  6785
               +---------+---------+-------+---------+---------+-------+---------
           D:1 |       0 |      36 |   0.0 |       0 |      22 |   0.0 |  1398
           D:2 |       0 |     342 |   0.0 |       0 |      26 |   0.0 |  1628
           D:3 |       0 |     168 |   0.0 |       0 |      19 |   0.0 |   792
           D:4 |       0 |     321 |   0.0 |       0 |      15 |   0.0 |   807
           D:5 |       0 |     777 |   0.0 |       0 |      17 |   0.0 |  1558
           D:6 |       0 |     143 |   0.0 |       0 |      11 |   0.0 |   432
           D:7 |       0 |     379 |   0.0 |       0 |       8 |   0.0 |    91
               +---------+---------+-------+---------+---------+-------+---------
